 Dungeon Crawl Stone Soup version 0.30-a0-972-gf3ab3527aa (webtiles) character file.

Game seed: 1934203702473096330

42 Barriton the Chiller (level 3, -7/26 HPs)
             Began as a Draconian Ice Elementalist on Mar 31, 2023.
             Mangled by an iguana (11 damage)
             ... on level 2 of the Dungeon.
             The game lasted 00:01:38 (1498 turns).

Barriton the Chiller (Draconian Ice Elementalist)   Turns: 1498, Time: 00:01:39

Health: -7/26      AC:  5    Str: 10    XL:     3   Next: 35%
Magic:  1/6        EV: 12    Int: 17    God:
Gold:   110        SH:  0    Dex: 11    Spells: 5/6 levels left

rFire   . . .      SeeInvis .    (no weapon)
rCold   . . .      Faith    .    (no shield)
rNeg    . . .      Spirit   .    (body armour unavailable)
rPois   .          Reflect  .    (helmet restricted)
rElec   .          Rampage  .    (no cloak)
rCorr   .                        (no gloves)
Will    .....                    (no boots)
Stlth   ++                       (no amulet)
HPRegen 0.24/turn                (no ring)
MPRegen 0.10/turn                (no ring)

@: no status effects
A: AC +5, unfitting armour, cold-blooded
a: no special abilities


You were on level 2 of the Dungeon.
You visited 1 branch of the dungeon, and saw 2 of its levels.

You collected 110 gold pieces.

Inventory:

Scrolls
 d - a scroll of identify
 g - 2 scrolls of vulnerability
Potions
 a - a potion of magic


   Skills:
 + Level 2.0 Dodging
 + Level 1.7 Stealth
 + Level 0.3 Unarmed Combat
 + Level 2.4 Spellcasting
 + Level 4.7 Ice Magic


You had 5 spell levels left.
You knew the following spells:

 Your Spells              Type           Power      Damage    Failure   Level
a - Freeze                Ice            72%        1d8       2%          1

Your spell library contained the following spells:

 Spells                   Type           Power      Damage    Failure   Level
 Frozen Ramparts          Ice            36%        1d6       8%          3
 Ozocubu's Armour         Ice            18%        N/A       8%          3
 Summon Ice Beast         Ice/Summ       10%        N/A       56%         4


Dungeon Overview and Level Annotations

Branches:
Dungeon (2/15)

Altars:


Innate Abilities, Weirdness & Mutations

Your plain brown scales are hard. (AC +5)
You cannot fit into any form of body armour.
You are cold-blooded and may be slowed by cold attacks.


Message History

The iguana is moderately wounded.
The iguana bites you.
You freeze the iguana.
The iguana is heavily wounded.
You freeze the iguana.
The iguana is severely wounded.
The iguana is no longer moving slowly.
The iguana bites you.
You are out of magic!
You are out of magic!
You closely miss the iguana.
The iguana is severely wounded.
The iguana bites you!
You are too injured to fight recklessly!
You are too injured to fight recklessly!
You are too injured to fight recklessly!
You are too injured to fight recklessly!
You closely miss the iguana.
The iguana is severely wounded.
The iguana barely misses you.
You hit the iguana but do no damage.
The iguana is severely wounded.
The iguana barely misses you.
You hit the iguana but do no damage.
You tail-slap the iguana, but do no damage.
The iguana is severely wounded.
The iguana closely misses you.
You barely miss the iguana. You tail-slap the iguana.
The iguana is severely wounded.
The iguana closely misses you.
You hit the iguana but do no damage.
The iguana is severely wounded.
The iguana bites you!
* * * LOW HITPOINT WARNING * * *
You hit the iguana.
The iguana is severely wounded.
The iguana completely misses you.
You hit the iguana.
The iguana is almost dead.
The iguana bites you!
You die...

...### .## ##.### .# ...
#...##.#....
###.##.#.##.##.
#.##...##... #
#.#...##...#######.#
####††..<...#.##......#
.....................##
####............@.....#
.....#........=..l.....#
######.................#
###..................#
##...#................#
#....#................#
#...##................#
#.#####..............##
### #..>....#....


You could see an iguana.

Vanquished Creatures
  An adder (D:2)
  A worm (D:2)
  A dart slug (D:2)
  An endoplasm (D:2)
  3 giant cockroaches
  3 hobgoblins (D:1)
  3 quokkas
  4 ball pythons
  2 bats
  3 frilled lizards (D:1)
  3 kobolds
  3 rats
28 creatures vanquished.

Notes
Turn   | Place    | Note
-------+----------+-------------------------------------------
     0 | D:1      | Barriton the Draconian Ice Elementalist began the quest for
                  | the Orb.
     0 | D:1      | Reached XP level 1. HP: 14/14 MP: 3/3
   256 | D:1      | Found a faded altar of an unknown god.
   380 | D:1      | Reached XP level 2. HP: 18/20 MP: 0/5
  1295 | D:2      | Reached XP level 3. HP: 26/26 MP: 1/6
  1498 | D:2      | Mangled by an iguana

Illustrated notes

Levels and vault maps discovered:
D:1:      onia_arrival_pentagram, layout_loops_corners,
          shapermc_ecumenical_altar_mp_vishouse, minmay_misc_feat_more_columns,
          minmay_pentomino_x4
D:2:      layout_rooms, serial_shops, nicolae_shop_crystal, basic_altar

Skill      XL: |  1  2 |
---------------+-------+-----
Dodging        | 2 |  2.0
Stealth        | |  1.7
Unarmed Combat | |  0.3
Spellcasting   | |  2.4
Ice Magic      | |  4.7

Action                     || total
---------------------------++-------
  Melee: Unarmed           ||    44
         Tailslap          ||     6
   Cast: Freeze            ||    46
    Use: Scroll            ||     5
 Armour: Skin              ||    23
  Dodge: Dodged            ||    59

Table legend: (Time is in decaauts)
 A = Elapsed time spent in this place.
 B = Non-inter-level travel time spent in this place.
 C = Inter-level travel time spent in this place.
 D = Time resting spent in this place.
 E = Time spent auto-exploring this place.
 F = Levels seen in this place.
 G = Mean time per level.
                   A        B        C        D        E       F      G
               +--------+--------+--------+--------+--------+-----+--------+
         Total |   1498 |   1470 |     28 |      0 |   1263 |   2 |  749.0 |
       Dungeon |   1498 |   1470 |     28 |      0 |   1263 |   2 |  749.0 |
               +--------+--------+--------+--------+--------+-----+--------+

Top non-repeatable levels by time:
     D:1: 1144 daAuts
     D:2: 354 daAuts
